 Dungeon Crawl Stone Soup version 0.21-a0-84-g85d6d27 (webtiles) character file.

6988 vev the Grappler (level 10, -1/144 HPs)
             Began as a Troll Venom Mage on June 25, 2017.
             Was a Believer of Nemelex Xobeh.
             Slain by a yak (3 damage)
             ... on level 9 of the Dungeon.
             The game lasted 00:26:50 (7543 turns).

vev the Grappler (Troll Venom Mage)                 Turns: 7543, Time: 00:26:50

Health: -1/144     AC:  7    Str: 23    XL:     10   Next: 81%
Magic:  12/12      EV: 13    Int: 11    God:    Nemelex Xobeh [**....]
Gold:   535        SH:  0    Dex: 15    Spells: 8/11 levels left

rFire    . . .     SeeInvis +     - Unarmed
rCold    . . .     Gourm    +   (no shield)
rNeg     . . .     Faith    .   a - +0 robe
rPois    .         Spirit   .   (helmet restricted)
rElec    .         Reflect  .   (no cloak)
rCorr    .         Harm     .   (gloves unavailable)
MR       .....     Rnd*Rage +   (boots unavailable)
Stlth    ..........             w - amulet of rage
HPRegen  0.74/turn              p - ring of see invisible
MPRegen  0.13/turn              f - ring of flight

@: berserking, very quick
A: unfitting armour, claws 3, horns 1, thin metallic scales 1, agile 1, berserk
1, fast metabolism 3, gourmand, regeneration 1, shaggy fur 1, tough skin 2
a: Renounce Religion, Evoke Berserk Rage, Evoke Flight


You were on level 9 of the Dungeon.
You worshipped Nemelex Xobeh.
Nemelex Xobeh was pleased with you.
You were very full.

You visited 2 branches of the dungeon, and saw 10 of its levels.

You collected 535 gold pieces.

Inventory:

Armour
 a - a +0 robe (worn)
Jewellery
 f - a ring of flight (right claw)
 p - a ring of see invisible (left claw)
 t - an uncursed amulet of guardian spirit
 w - an amulet of rage (around neck)
 y - an uncursed ring of ice {unknown}
Wands
 d - a wand of enslavement (7/24)
 g - a wand of iceblast (0/15)
 j - a wand of lightning (8/15)
 q - a wand of lightning (9/15)
 x - a wand of digging (10/24)
Scrolls
 b - a scroll of silence {unknown}
 e - 3 scrolls of enchant armour
 h - 4 scrolls of teleportation
 k - 4 scrolls of blinking
 l - 7 scrolls of remove curse
 m - 2 scrolls of recharging {unknown}
 s - 2 scrolls of magic mapping {unknown}
 u - a scroll of noise {unknown}
 v - a scroll of immolation {unknown}
 z - 2 scrolls of amnesia {unknown}
 D - 2 scrolls of enchant weapon
 E - a scroll of fog
 G - a scroll of random uselessness {unknown}
Potions
 i - 2 potions of ambrosia
 o - 2 potions of invisibility
 A - a potion of mutation
 C - a potion of might {unknown}
 F - a potion of heal wounds
Miscellaneous
 B - a plain deck of escape {drawn: 1}
 H - a plain deck of summoning {drawn: 2}
Comestibles
 c - 10 bread rations
 n - 6 fruits
 r - 5 meat rations


   Skills:
 + Level 5.4 Fighting
 + Level 5.8 Dodging
 + Level 2.2 Stealth
 * Level 11.0 Unarmed Combat
 - Level 1.2 Spellcasting
 - Level 0.6 Conjurations
 - Level 3.1 Translocations
 - Level 2.1 Poison Magic
 - Level 5.0 Invocations


You had 8 spell levels left.
You knew the following spells:

 Your Spells              Type           Power        Failure   Level  Hunger
a - Sting                 Conj/Pois      #...         19%         1    ##.....
b - Blink                 Tloc           N/A          13%         2    ###....


Dungeon Overview and Level Annotations

Branches:
Dungeon (9/15)             Temple (1/1) D:5            Lair (0/6) D:9
    Orc: D:9-12

Altars:
Ashenzari
Cheibriados
Dithmenos
Elyvilon
Fedhas
Gozag
Hepliaklqana
Kikubaaqudgha
Makhleb
Nemelex Xobeh
Okawaru
Qazlal
Ru
Sif Muna
Trog
Uskayaw
Vehumet
Wu Jian
Xom
Yredelemnul
Zin
The Shining One

Annotations:
D:5 exclusion: downstairs


Innate Abilities, Weirdness & Mutations

You are too large for most types of armour.
You have claws for hands.
Your metabolism is lightning-fast.
You like to eat raw meat.
Your natural rate of healing is unusually fast.
You are covered in fur. (AC +1)
You have very tough skin. (AC +2)
You have a pair of small horns on your head.
You are partially covered in thin metallic scales. (AC +2)
You are agile. (Dex +2)
You tend to lose your temper in combat.


Message History

You kill the yak!
Your Unarmed Combat skill increases to level 11!
The yak gores you!
* * * LOW HITPOINT WARNING * * *
You mangle the yak!! Your headbutt misses the yak.
The yak is severely wounded.
You barely miss the yak.
The yak is severely wounded.
The yak gores you!
* * * LOW HITPOINT WARNING * * *
You scratch the yak. You headbutt the yak!
You kill the yak!
The yak gores you!
* * * LOW HITPOINT WARNING * * *
You barely miss the yak. You claw the yak! You headbutt the yak.
You claw the yak!
The yak is almost dead.
The yak gores you.
You die...
Your body disappears without a glow.

..#...........#..# #.
..#...........#..# #.. .
..#...........#..###... ..
..+...........#..#..... ...
..#...........#...... ....
########.....##.... ##.....
#.###5##.)####.......
#......#(##..........
#......(Y@)..........
#.....##############. ####
#.....# #..# #...Y.# #..# #.....#
#..#
###+##.....###+#############...
#...................†..........
###.................<............
..yy...................###.......


You could see a yak.

Vanquished Creatures
  A two-headed ogre (D:9)
  A troll (D:9)
  An elephant (D:9)
  A hippogriff (D:9)
  5 yaks (D:9)
  Grum (D:8)
  A basilisk (D:9)
  Edmund (D:4)
  An orc warrior (D:5)
  A phantom (D:5)
  An ice beast (D:5)
  4 black bears
  A necrophage (D:8)
  3 wolves (D:8)
  3 ogres (D:7)
  2 crocodiles
  A centaur (D:7)
  A big kobold (D:6)
  5 bullfrogs
  5 scorpions
  16 killer bees
  3 howler monkeys
  2 crimson imps
  A quasit (D:6)
  A jelly (D:8)
  3 orc priests
  A bullfrog skeleton (D:6)
  3 bullfrog zombies
  6 hounds
  3 centaur skeletons
  3 iguanas
  7 orc wizards
  7 worker ants
  A killer bee zombie (D:3)
  A hound skeleton (D:5)
  2 worker ant zombies
  6 gnolls
  A howler monkey skeleton (D:4)
  7 adders
  A shadow imp (D:8)
  An adder zombie (D:5)
  2 adder skeletons
  A worm (D:7)
  3 dart slugs (D:2)
  5 leopard geckos
  20 orcs
  2 ball pythons
  10 bats
  4 giant cockroaches
  6 goblins
  8 hobgoblins
  10 jackals
  8 quokkas
  6 frilled lizards
  6 kobolds
  A quokka zombie (D:8)
  5 rats
213 creatures vanquished.

Vanquished Creatures (collateral kills)
  A centaur warrior (D:9)
  A hornet (D:9)
  An ice beast (D:9)
  A phantom (D:9)
  A killer bee (D:8)
  A worker ant (D:9)
  An orc (D:9)
7 creatures vanquished.

Vanquished Creatures (others)
  A shadow imp (D:7)
  An orc (D:7)
2 creatures vanquished.

Grand Total: 222 creatures vanquished

Notes
Turn   | Place    | Note
-------+----------+-------------------------------------------
     0 | D:1      | vev the Troll Venom Mage began the quest for the Orb.
     0 | D:1      | Reached XP level 1. HP: 16/16 MP: 1/1
    56 | D:1      | Reached skill level 1 in Unarmed Combat
   263 | D:1      | Reached XP level 2. HP: 24/24 MP: 2/2
   310 | D:1      | Reached skill level 2 in Unarmed Combat
   711 | D:2      | Reached XP level 3. HP: 31/31 MP: 3/3
   795 | D:2      | Reached skill level 3 in Unarmed Combat
  1280 | D:3      | Reached XP level 4. HP: 33/39 MP: 4/4
  1317 | D:3      | Found a shimmering altar of Xom.
  1329 | D:3      | Reached skill level 4 in Unarmed Combat
  1496 | D:3      | Reached XP level 5. HP: 38/45 MP: 5/5
  1786 | D:4      | Reached skill level 5 in Unarmed Combat
  1815 | D:4      | Noticed Edmund
  1855 | D:4      | Killed Edmund
  1855 | D:4      | Reached skill level 6 in Unarmed Combat
  1855 | D:4      | Reached XP level 6. HP: 36/53 MP: 6/6
  2096 | D:4      | Reached skill level 7 in Unarmed Combat
  2172 | D:4      | Reached XP level 7. HP: 25/59 MP: 7/7
  2492 | D:5      | Entered Level 5 of the Dungeon
  2500 | D:5      | Gained mutation: You occasionally shout uncontrollably at your foes. [potion of mutation]
  2500 | D:5      | Gained mutation: You passively map a small area around you. [potion of mutation]
  2501 | D:5      | Lost mutation: You occasionally shout uncontrollably at your foes. [potion of mutation]
  2501 | D:5      | Lost mutation: You passively map a small area around you. [potion of mutation]
  2501 | D:5      | Gained mutation: You have a pair of small horns on your head. [potion of mutation]
  2501 | D:5      | Gained mutation: You tend to lose your temper in combat. [potion of mutation]
  2501 | D:5      | Gained mutation: You are agile. (Dex +2) [potion of mutation]
  2501 | D:5      | Gained mutation: You are partially covered in thin metallic scales. (AC +2) [potion of mutation]
  2786 | D:5      | Found a staircase to the Ecumenical Temple.
  2805 | Temple   | Entered the Ecumenical Temple
  2896 | Temple   | Became a worshipper of Nemelex Xobeh the Trickster
  2917 | D:5      | Reached skill level 1 in Fighting
  2931 | D:5      | Reached skill level 2 in Dodging
  3028 | D:5      | Reached skill level 1 in Invocations
  3074 | D:5      | Received a gift from Nemelex Xobeh
  3641 | D:5      | Reached skill level 2 in Fighting
  3641 | D:5      | Reached skill level 2 in Invocations
  3791 | D:6      | Reached XP level 8. HP: 72/72 MP: 8/8
  3822 | D:6      | Reached skill level 3 in Dodging
  3827 | D:6      | Reached skill level 8 in Unarmed Combat
  3888 | D:6      | Reached skill level 3 in Fighting
  3894 | D:6      | HP: 8/112 [orc priest/divine providence (9)]
  3904 | D:6      | Reached skill level 3 in Invocations
  4104 | D:6      | Noticed an eight-headed hydra
  4252 | D:6      | Reached skill level 4 in Dodging
  4341 | D:5      | HP: 5/75 [orc warrior/stone (7)]
  4662 | D:6      | Reached * piety under Nemelex Xobeh
  4816 | D:7      | Reached XP level 9. HP: 84/84 MP: 10/10
  4940 | D:7      | Learned a level 2 spell: Blink
  5118 | D:7      | Found a snail-covered altar of Cheibriados.
  5217 | D:7      | Reached skill level 1 in Translocations
  5400 | D:7      | Received a gift from Nemelex Xobeh
  5476 | D:7      | Reached skill level 2 in Translocations
  5968 | D:8      | Reached ** piety under Nemelex Xobeh
  6003 | D:8      | Reached skill level 3 in Translocations
  6015 | D:8      | Reached skill level 4 in Fighting
  6019 | D:8      | Reached skill level 4 in Invocations
  6082 | D:8      | Reached skill level 9 in Unarmed Combat
  6429 | D:8      | Noticed Grum
  6456 | D:8      | Killed Grum
  6456 | D:8      | Reached skill level 5 in Dodging
  6706 | D:8      | Reached XP level 10. HP: 93/93 MP: 12/12
  7145 | D:9      | Reached skill level 10 in Unarmed Combat
  7211 | D:9      | Noticed an elephant
  7230 | D:9      | Killed an elephant
  7324 | D:9      | Found a staircase to the Lair.
  7444 | D:9      | Reached skill level 5 in Invocations
  7478 | D:9      | Noticed a centaur warrior
  7483 | D:9      | Noticed a two-headed ogre
  7483 | D:9      | Killed a centaur warrior
  7483 | D:9      | Reached skill level 5 in Fighting
  7492 | D:9      | Killed a two-headed ogre
  7508 | D:9      | Reached skill level 2 in Stealth
  7538 | D:9      | Reached skill level 11 in Unarmed Combat
  7540 | D:9      | HP: 8/144 [yak (12)]
  7541 | D:9      | HP: 1/144 [yak (7)]
  7543 | D:9      | Slain by a yak

Vault maps used:
D:1:      onia_arrival_mini_spirals
D:2:      grunt_ministairs_4, minmay_pentomino_z2
D:3:      minmay_misc_feat_square, xom_teletrap_fun
D:4:      first_bread, uniq_edmund
D:5:      minmay_temple_entry_statues
D:6:      minmay_cornered_nines
D:7:      slow_altar_1, minivault_19, kennysheep_cross_bottleneck
D:8:      uniq_grum
D:9:      minmay_quarter_circles, david_lair_generic, david_orc_4,
          hangedman_ranch
Temple:   grunt_wide_crystal_templ

Skill      XL: |  1  2  3  4  5  6  7  8  9 10 |
---------------+-------------------------------+-----
Unarmed Combat | 1 2 3 4 6 7 8 9 11 | 11.0
Fighting       | 2 3 4 5 |  5.4
Dodging        | 2 4 5 |  5.8
Invocations    | 2 3 4 5 |  5.0
Translocations | 3 |  3.1
Stealth        | 2 |  2.2
Spellcasting   | |  1.2
Conjurations   | |  0.6
Poison Magic   | |  2.1

Action                   |  1- 3 |  4- 6 |  7- 9 | 10-12 || total
-------------------------+-------+-------+-------+-------++-------
Melee: Unarmed           |   151 |   133 |   330 |   129 ||   743
       Punch             |     3 |     2 |    11 |     7 ||    23
       Headbutt          |       |       |    51 |    24 ||    75
Throw: Javelin           |       |       |    13 |       ||    13
 Abil: Evoke Berserk Rag |       |       |       |     2 ||     2
Evoke: Deck              |       |       |     1 |     2 ||     3
       Wand              |       |       |       |     4 ||     4
  Use: Potion            |       |     2 |     8 |     1 ||    11
       Scroll            |       |       |    12 |       ||    12
 Stab: Sleeping          |     1 |     3 |       |       ||     4
       Betrayed ally     |       |       |       |     1 ||     1
  Eat: Chunk             |    17 |     9 |    41 |     9 ||    76
Armor: Robe              |    67 |    25 |    84 |    39 ||   215
       Skin              |       |     3 |   110 |       ||   113
Dodge: Dodged            |    71 |    58 |   176 |    67 ||   372
